 Dungeon Crawl Stone Soup version 0.16.2-12-gd0ad4c3 (webtiles) character file.

25 dvd the Sneak (level 2, 0/20 HPs)
             Began as a Vampire Enchanter on Sept 16, 2015.
             Slain by an adder (2 damage)
             ... on level 2 of the Dungeon.
             The game lasted 00:07:35 (1537 turns).

dvd the Sneak (Vampire Enchanter)                   Turns: 1537, Time: 00:07:36

Health: 0/20       AC:  3    Str:  7    XL:     2   Next: 82%
Magic:  1/4        EV: 13    Int: 17    God:
Gold:   137        SH:  0    Dex: 14    Spells: 3 memorised, 0 levels left

rFire  . . .     SeeInvis +     a - +1 dagger
rCold  . . .     Clarity  .     b - +1 robe
rNeg   + . .     SustAb   .     (no shield)
rPois  .         Gourm    .     (no helmet)
rElec  .         Spirit   .     (no cloak)
rCorr  .         Warding  .     (no gloves)
rMut   .         Stasis   .     (no boots)
MR     .....                    (no amulet)
Stlth  +++.......               (no ring)
                                (no ring)

@: lethally poisoned (0 -> -15), not resistant to hostile enchantments, fairly
stealthy
A: bottle blood, fangs 3, see invisible, unbreathing
a: no special abilities


You were on level 2 of the Dungeon.
You were not thirsty.

You visited 1 branch of the dungeon, and saw 2 of its levels.

You collected 137 gold pieces.

Inventory:

Hand weapons
 a - a +1 dagger (weapon)
 n - a +0 falchion
Armour
 b - a +1 robe (worn)
Scrolls
 e - 4 scrolls of noise {unknown}
 h - 6 scrolls of identify {unknown}
 k - a scroll of teleportation {unknown}
 l - a scroll of recharging {unknown}
Potions
 d - 8 potions of blood
 f - a potion of might {unknown}
 g - 3 potions of mutation {unknown}
 i - 5 potions of heal wounds {unknown}
 j - a potion of resistance {unknown}
 m - a potion of curing {unknown}
Books
 c - a book of Maledictions

   Spells                             Type                      Level
   a - Corona                         Hexes                        1
   b - Sure Blade                     Hexes/Charms                 2
   c - Ensorcelled Hibernation        Hexes/Ice                    2
   d - Confuse                        Hexes                        3
   e - Dazzling Spray                 Conjuration/Hexes            3
   f - Enslavement                    Hexes                        4


   Skills:
 + Level 0.3 Fighting
 + Level 1.1 Short Blades
 + Level 2.5 Dodging
 + Level 4.9 Stealth
 + Level 2.2 Spellcasting
 + Level 4.8 Hexes


You couldn't memorise any spells.
You knew the following spells:

 Your Spells              Type           Power        Failure   Level  Hunger
a - Corona                Hex            ###....      2%          1    #......
b - Ensorcelled Hibernat  Hex/Ice        ##....       12%         2    ###....
c - Sure Blade            Hex/Chrm       ##........   12%         2    ###....


Dungeon Overview and Level Annotations

Branches:
Dungeon (2/15)

Altars:
Gozag
Vehumet


Innate Abilities, Weirdness & Mutations

You can bottle blood from corpses.
You have razor-sharp teeth.
You have supernaturally acute eyesight.
You can survive without breathing.


Message History

You feel sick. The adder completely misses you.
You hit the adder.
The adder is heavily wounded.
The adder bites you.
You are more poisoned.
The adder poisons you! The adder bites you.
You miss the adder.
The adder is heavily wounded.
You feel sick. The adder bites you but does no damage.
The adder barely misses you. x2
You closely miss the adder. You bite the adder.
The adder is severely wounded.
The adder bites you but does no damage. The adder closely misses you.
You miss the adder.
The adder is severely wounded.
You feel sick. The adder bites you.
* * * LOW HITPOINT WARNING * * *
You are more poisoned.
The adder poisons you! The adder barely misses you. The adder bites you.
You die...

.....# ### .....# ..#
.....# #.# .....# #.#
'##'## #.# .##.# #.#
.##.######### #.#
.##.##......# #S#
.##'##......# #@#
.#...#......# #S#
.#...#......# #K#
.#...#......# #.#
##รท..##..>.#####.####
.....##.............#
..#'###.............#
....###.............#######
........%..................


You could see 2 adders and a kobold.

Vanquished Creatures
  A giant gecko (D:1)
  A giant cockroach (D:1)
  4 goblins
  5 hobgoblins
  A ball python (D:1)
  2 bats
  3 giant newts
  A kobold (D:2)
  6 rats
24 creatures vanquished.

Notes
Turn   | Place    | Note
--------------------------------------------------------------
     0 | D:1      | dvd, the Vampire Enchanter, began the quest for the Orb.
     0 | D:1      | Reached XP level 1. HP: 13/13 MP: 3/3
   293 | D:1      | Reached XP level 2. HP: 19/19 MP: 1/4
   422 | D:1      | Learned a level 2 spell: Ensorcelled Hibernation
   425 | D:1      | Learned a level 2 spell: Sure Blade
  1111 | D:2      | Found an opulent altar of Gozag.
  1282 | D:2      | Found a radiant altar of Vehumet.
  1537 | D:2      | Slain by an adder

Action                   || total
-------------------------++-------
Melee: Dagger            ||    42
 Cast: Corona            ||     9
       Ensorcelled Hiber ||    12
 Stab: Sleeping          ||    12
  Eat: Corpse            ||     6
